Map: 16-Bit LE

Players

blackxored - Winner!

  • Race: Zerg Zerg
  • League: Master
  • Spawn Location: 1:00

bryoda

  • Race: Zerg Zerg
  • League: Diamond
  • Spawn Location: 7:00

VOD

Have the link to the VOD?

Description

Time

  • Played on: July 30, 2018, 2:19 p.m.
  • Length: 6:19
Show
View Real Time Build Order
Export as new Build Order

blackxored Zerg - Winner!

Build Orders: Hatch First 

Get SALT Encoding   

  12  0:01  Drone  
  13  0:13  Overlord  
  13  0:18  Drone  
  14  0:31  Drone x2  
  16  0:36  Drone  
  17  0:53  Hatchery  
  17  0:56  Drone  
  17  0:59  Drone  
  18  1:09  Extractor  
  17  1:14  Spawning Pool  
  17  1:17  Drone  
  17  1:20  Drone  
  18  1:28  Drone  
  19  1:40  Drone  
  20  1:50  Overlord  
  20  2:02  Queen  
  20  2:05  Zergling x2  
  20  2:06  Queen  
  20  2:07  Zergling x2  
  26  2:14  Metabolic Boost  
  26  2:17  Drone x2  
  26  2:22  Drone  
  29  2:32  Drone  
  30  2:43  Hatchery  
  29  2:47  Drone  
  29  2:48  Drone x2  
  29  2:51  Queen  
  32  2:55  Overlord  
  34  3:03  Zergling x2  
  34  3:04  Zergling x2  
  35  3:09  Baneling Nest  
  35  3:11  Overlord  
  34  3:16  Drone  
  34  3:17  Drone x2  
  34  3:19  Zergling x2  
  38  3:24  Zergling x4  
  40  3:30  Drone  
  41  3:36  Zergling x2  
  42  3:49  Zergling x8  
  44  3:59  Zergling x2  
  44  4:00  Zergling x8  
  49  4:03  Overlord  
  49  4:08  Zergling x2  
  49  4:09  Zergling x2  
  51  4:10  Baneling  
  51  4:11  Baneling  
  52  4:17  Drone x3  
  54  4:27  Baneling x2  
  54  4:30  Overlord  
  54  4:36  Drone x4  
  54  4:37  Drone  
  59  4:42  Evolution Chamber, Drone x3  
  61  4:47  Roach Warren  
  61  4:48  Baneling x2  
  61  4:51  Overlord x3  
  59  5:09  Zergling x2  
  59  5:10  Zergling x8  
  61  5:15  Zergling x10  
  61  5:18  Baneling x3  
  61  5:20  Drone  
  61  5:21  Drone, Extractor  
  66  5:41  Roach x3  
  62  5:43  Overlord x3  
  62  5:45  Overlord  
  62  5:46  Overlord  
  61  5:50  Drone, Extractor  
  61  5:52  Drone x3  
  61  5:56  Baneling x2  
  68  6:16  Extractor  
Show
View Real Time Build Order
Export as new Build Order

bryoda Zerg 

Build Orders: Hatch First 

Get SALT Encoding   

  12  0:08  Overlord  
  12  0:13  Drone  
  13  0:18  Drone  
  14  0:27  Drone  
  15  0:33  Drone  
  16  0:41  Drone  
  17  0:56  Hatchery  
  16  0:58  Drone  
  16  1:03  Drone  
  18  1:06  Extractor  
  17  1:19  Spawning Pool  
  17  1:21  Drone  
  17  1:25  Drone  
  18  1:35  Drone  
  19  1:46  Overlord  
  19  1:57  Drone  
  20  2:07  Queen x2  
  24  2:09  Metabolic Boost  
  24  2:13  Zergling x2  
  24  2:15  Zergling x2  
  26  2:21  Drone  
  26  2:22  Drone  
  28  2:33  Zergling x2  
  28  2:34  Zergling x2  
  30  2:37  Baneling Nest  
  30  2:40  Drone  
  30  2:48  Overlord  
  30  3:07  Drone x3  
  30  3:08  Drone  
  34  3:19  Drone x3  
  37  3:21  Hatchery  
  37  3:25  Baneling  
  37  3:27  Baneling  
  36  3:37  Zergling x8  
  36  3:38  Overlord  
  40  3:42  Baneling  
  40  3:45  Baneling  
  39  3:57  Zergling x4  
  39  3:59  Overlord x2  
  41  4:22  Roach Warren, Drone x2  
  42  4:25  Drone x4  
  42  4:26  Drone  
  42  4:27  Drone x2  
  49  4:45  Overlord x2, Extractor  
  48  4:47  Queen, Drone x4  
  54  4:59  Zergling x2  
  56  5:00  Zergling x6  
  56  5:04  Roach x4  
  51  5:16  Drone  
  51  5:17  Drone x3  
  52  5:21  Baneling x2  
  52  5:22  Baneling  
  52  5:30  Roach x4  
  58  5:43  Roach x4  
  66  5:50  Roach x2  
  70  5:57  Roach  
Tags
 
Add a new tag
Caveats
  • Supply blocks, unpowered buildings, or Contaminate may cause inaccurate times.
  • Supply counts are checked every 10 seconds.